 Dungeon Crawl Stone Soup version 0.22.0-36-g8e74550 (webtiles) character file.

139 Lew the Skirmisher (level 5, -1/47 HPs)
             Began as a Gnoll Abyssal Knight on Aug 24, 2018.
             Was a Believer of Lugonu.
             Slain by a gnoll
             ... wielding a +4 spear
              (9 damage)
             ... on level 3 of the Dungeon.
             The game lasted 00:04:41 (2064 turns).

Lew the Skirmisher (Gnoll Abyssal Knight)           Turns: 2064, Time: 00:04:42

Health: -1/47      AC:  5    Str: 13    XL:     5   Next: 22%
Magic:  8/8        EV: 13    Int: 14    God:    Lugonu [**....]
Gold:   98         SH:  0    Dex: 15    Spells: 6/6 levels left

rFire    . . .     SeeInvis .   e - +1 scimitar
rCold    . . .     Gourm    .   (no shield)
rNeg     . . .     Faith    .   b - +0 leather armour
rPois    .         Spirit   .   (no helmet)
rElec    .         Reflect  .   (no cloak)
rCorr    .         Harm     .   (no gloves)
MR       .....                  (no boots)
Stlth    ++........             (no amulet)
HPRegen  0.00/turn              (no ring)
MPRegen  0.11/turn              (no ring)

@: no status effects
A: distributed training, fangs 1, iridescent scales 1, inhibited regeneration,
weak 1, strong nose
a: Depart the Abyss, Bend Space, Renounce Religion


You were on level 3 of the Dungeon.
You worshipped Lugonu.
Lugonu was pleased with you.
You were not hungry.

You visited 1 branch of the dungeon, and saw 3 of its levels.
You visited the Abyss 1 time.

You collected 98 gold pieces.

Inventory:

Hand Weapons
 a - a +1 falchion
 e - a +1 scimitar (weapon)
Armour
 b - a +0 leather armour (worn)
Jewellery
 f - a cursed ring of teleportation {unknown}
Scrolls
 d - 2 scrolls of identify
 h - a scroll of fear
 i - a scroll of enchant armour {unknown}
Potions
 g - 4 potions of curing
Comestibles
 c - 6 rations


   Skills:
 + Level 6.6 Fighting
 + Level 1.4 Short Blades
 + Level 4.7 Long Blades
 + Level 1.4 Axes
 + Level 1.4 Maces & Flails
 + Level 1.4 Polearms
 + Level 1.4 Staves
 + Level 1.4 Slings
 + Level 1.4 Bows
 + Level 1.4 Crossbows
 + Level 1.4 Throwing
 + Level 4.7 Armour
 + Level 2.9 Dodging
 + Level 1.4 Stealth
 + Level 1.4 Shields
 + Level 1.4 Unarmed Combat
 + Level 1.4 Spellcasting
 + Level 1.1 Conjurations
 + Level 1.1 Hexes
 + Level 1.1 Charms
 + Level 1.1 Summonings
 + Level 1.1 Necromancy
 + Level 1.1 Translocations
 + Level 1.1 Transmutations
 + Level 1.1 Fire Magic
 + Level 1.1 Ice Magic
 + Level 1.1 Air Magic
 + Level 1.1 Earth Magic
 + Level 1.1 Poison Magic
 + Level 4.8 Invocations
 + Level 1.4 Evocations


You had 6 spell levels left.
You didn't know any spells.
Your spell library contained the following spells:

 Spells                   Type           Power        Failure   Level  Hunger
 Irradiate                Conj/Tmut      #.........   99%         5    ######.
 Hydra Form               Tmut           #.........   100%        6    #######
 Statue Form              Tmut/Erth      #........    100%        6    #######
 Dragon Form              Tmut           #.........   100%        7    #######


Dungeon Overview and Level Annotations

Branches:
Dungeon (3/15)

Altars:
Ashenzari
Dithmenos
Gozag
Makhleb
Ru
Xom


Innate Abilities, Weirdness & Mutations

Your experience applies equally to all skills.
You have very sharp teeth.
Your uncanny sense of smell can sniff out nearby items.
You are partially covered in iridescent scales. (AC +2)
You do not regenerate when monsters are visible.
You are weak. (Str -2)


Message History

You are too injured to fight recklessly!
You are too injured to fight recklessly!
You are too injured to fight recklessly!
You are too injured to fight recklessly!
You are too injured to fight recklessly!
You are too injured to fight recklessly!
You are too injured to fight recklessly!
You are too injured to fight recklessly!
You are too injured to fight recklessly!
You are too injured to fight recklessly!
You hit the gnoll. Your punch misses the gnoll.
The gnoll is severely wounded.
The gnoll barely misses you.
The gnoll hits you from afar with an enchanted spear!
* * * LOW HITPOINT WARNING * * *
You slash the gnoll!
You kill the gnoll!
Lugonu accepts your kill.
The gnoll hits you from afar with an enchanted spear!
You die... ......... .#.....## ....... ∆ .Sh.. hgS

#h# #.# ## #g# #.# #.
# #)# #.# #. ###. #@#
#.# #.
.....##.#####.######.
#.
#..................
#.
##.#......#........
#. #
#...##...#########.
######.............
##.########### ...# ∆
#####


You could see 2 gnolls, 2 adders and 3 jackals.

Vanquished Creatures
  Jessica (D:2)
  3 gnolls
  2 adders (D:2)
  An ooze (D:1)
  3 worms (D:2)
  2 dart slugs
  A leopard gecko (D:2)
  An orc (D:2)
  3 giant cockroaches
  4 goblins
  5 hobgoblins
  4 jackals
  A quokka (D:2)
  6 bats
  2 frilled lizards
  5 kobolds
  3 rats
47 creatures vanquished.

Notes
Turn   | Place    | Note
-------+----------+-------------------------------------------
     0 | Abyss:1  | Lew the Gnoll Abyssal Knight began the quest for the Orb.
     0 | Abyss:1  | Reached XP level 1. HP: 23/23 MP: 3/3
    16 | Abyss:2  | Found a corrupted altar of Lugonu.
    51 | Abyss:2  | Noticed a bone dragon
    65 | Abyss:2  | Noticed a chaos spawn
    76 | Abyss:2  | Found a corrupted altar of Lugonu.
    79 | Abyss:2  | Noticed a worldbinder
    83 | Abyss:2  | Noticed a deep elf mage
    83 | Abyss:2  | Noticed a deep elf archer
    83 | Abyss:2  | Noticed a deep elf mage
    83 | Abyss:2  | Noticed a deep elf mage
    89 | Abyss:2  | Noticed a neqoxec
    96 | Abyss:2  | Gained mutation: You are frail. (-10% HP) [a neqoxec]
   112 | Abyss:2  | Gained mutation: You are very frail. (-20% HP) [a neqoxec]
   122 | Abyss:2  | Noticed a thrashing horror
   123 | D:1      | Escaped the Abyss
   192 | D:1      | Reached * piety under Lugonu
   192 | D:1      | Reached XP level 2. HP: 5/23 MP: 5/5
   477 | D:1      | Lost mutation: You are very frail. (-20% HP) [potion of mutation]
   477 | D:1      | Lost mutation: You are frail. (-10% HP) [potion of mutation]
   477 | D:1      | Gained mutation: You are weak. (Str -2) [potion of mutation]
   477 | D:1      | Gained mutation: You do not regenerate when monsters are visible. [potion of mutation]
   477 | D:1      | Gained mutation: You are partially covered in iridescent scales. (AC +2) [potion of mutation]
   787 | D:1      | Reached XP level 3. HP: 25/35 MP: 6/6
   872 | D:1      | Found an opulent altar of Gozag.
   874 | D:1      | Found a shattered altar of Ashenzari.
   874 | D:1      | Found an iron altar of Okawaru.
   876 | D:1      | Found a shimmering altar of Xom.
   876 | D:1      | Found a burning altar of Makhleb.
   876 | D:1      | Found a sacrificial altar of Ru.
  1147 | D:2      | Reached skill level 1 in Short Blades
  1147 | D:2      | Reached skill level 1 in Axes
  1147 | D:2      | Reached skill level 1 in Maces & Flails
  1147 | D:2      | Reached skill level 1 in Polearms
  1147 | D:2      | Reached skill level 1 in Staves
  1147 | D:2      | Reached skill level 1 in Slings
  1147 | D:2      | Reached skill level 1 in Bows
  1147 | D:2      | Reached skill level 1 in Crossbows
  1147 | D:2      | Reached skill level 1 in Throwing
  1147 | D:2      | Reached skill level 1 in Stealth
  1147 | D:2      | Reached skill level 1 in Shields
  1147 | D:2      | Reached skill level 1 in Unarmed Combat
  1147 | D:2      | Reached skill level 1 in Spellcasting
  1147 | D:2      | Reached skill level 1 in Evocations
  1182 | D:2      | Reached XP level 4. HP: 19/41 MP: 7/7
  1509 | D:2      | Found a shadowy altar of Dithmenos.
  1669 | D:2      | Noticed Jessica
  1676 | D:2      | Killed Jessica
  1676 | D:2      | Reached skill level 1 in Conjurations
  1676 | D:2      | Reached skill level 1 in Hexes
  1676 | D:2      | Reached skill level 1 in Charms
  1676 | D:2      | Reached skill level 1 in Summonings
  1676 | D:2      | Reached skill level 1 in Necromancy
  1676 | D:2      | Reached skill level 1 in Translocations
  1676 | D:2      | Reached skill level 1 in Transmutations
  1676 | D:2      | Reached skill level 1 in Fire Magic
  1676 | D:2      | Reached skill level 1 in Ice Magic
  1676 | D:2      | Reached skill level 1 in Air Magic
  1676 | D:2      | Reached skill level 1 in Earth Magic
  1676 | D:2      | Reached skill level 1 in Poison Magic
  1690 | D:2      | Found a shattered altar of Ashenzari.
  1992 | D:3      | Reached XP level 5. HP: 47/47 MP: 8/8
  2056 | D:3      | Reached ** piety under Lugonu
  2064 | D:3      | Slain by a gnoll

Skill      XL: |  1  2  3  4 |
---------------+-------------+-----
Short Blades   | 1 |  1.4
Axes           | 1 |  1.4
Maces & Flails | 1 |  1.4
Polearms       | 1 |  1.4
Staves         | 1 |  1.4
Slings         | 1 |  1.4
Bows           | 1 |  1.4
Crossbows      | 1 |  1.4
Throwing       | 1 |  1.4
Stealth        | 1 |  1.4
Shields        | 1 |  1.4
Unarmed Combat | 1 |  1.4
Spellcasting   | 1 |  1.4
Evocations     | 1 |  1.4
Conjurations   | 1 |  1.1
Hexes          | 1 |  1.1
Charms         | 1 |  1.1
Summonings     | 1 |  1.1
Necromancy     | 1 |  1.1
Translocations | 1 |  1.1
Transmutations | 1 |  1.1
Fire Magic     | 1 |  1.1
Ice Magic      | 1 |  1.1
Air Magic      | 1 |  1.1
Earth Magic    | 1 |  1.1
Poison Magic   | 1 |  1.1
Fighting       | |  6.6
Long Blades    | |  4.7
Armour         | |  4.7
Dodging        | |  2.9
Invocations    | |  4.8

Action                   |  1- 3 |  4- 6 || total
-------------------------+-------+-------++-------
Melee: Scimitar          |    81 |    51 ||   132
       Bite              |     6 |    11 ||    17
       Punch             |       |     1 ||     1
Invok: Depart the Abyss  |     1 |       ||     1
  Use: Scroll            |     3 |     2 ||     5
       Potion            |     3 |     2 ||     5
 Stab: Sleeping          |       |     1 ||     1
  Eat: Chunk             |       |     4 ||     4
Armor: Leather armour    |    31 |    10 ||    41
       Skin              |       |     1 ||     1
Dodge: Dodged            |    53 |    47 ||   100
       Rpst.: Scimitar   |    20 |    13 ||    33
